 Dungeon Crawl Stone Soup version 0.28.0-53-g5a82cb258f (webtiles) character file.

Game seed: 15419667357911327524

58 MiltankisOP the Ducker (level 4, -5/33 HPs)
             Began as an Octopode Monk on July 14, 2022.
             Slain by Robin
             ... wielding a +2 trident of venom
              (8 damage)
             ... on level 2 of the Dungeon.
             The game lasted 00:01:25 (1507 turns).

MiltankisOP the Ducker (Octopode Monk)              Turns: 1507, Time: 00:01:26

Health: -5/33      AC:  1    Str: 10    XL:     4   Next: 1%
Magic:  4/4        EV: 14    Int: 12    God:
Gold:   76         SH:  0    Dex: 16    Spells: 3/3 levels left

rFire   . . .      SeeInvis .     - Unarmed
rCold   . . .      Faith    .   (no shield)
rNeg    . . .      Spirit   .   (helmet restricted)
rPois   .          Reflect  .   (no amulet)
rElec   .          Harm     .   (no ring)
rCorr   .          Rampage  .   (no ring)
Will    .....                   (no ring)
Stlth   +++.......              (no ring)
HPRegen 0.11/turn               (no ring)
MPRegen 0.09/turn               (no ring)
                                (no ring)
                                (no ring)

@: mighty, lethally poisoned (-5 -> -8)
A: almost no armour, amphibious, 8 rings, camouflage 1, gelatinous body 1,
(nimble swimmer 1), tentacles
a: no special abilities


You were on level 2 of the Dungeon.
You visited 1 branch of the dungeon, and saw 2 of its levels.

You collected 76 gold pieces.

Inventory:

Scrolls
 b - a scroll of noise {unknown}
 c - a scroll of torment {unknown}
 d - 4 scrolls of identify {unknown}
 e - a scroll of immolation {unknown}
Potions
 f - a potion of curing {unknown}


   Skills:
 + Level 3.9 Fighting
 + Level 3.9 Dodging
 - Level 2.7 Stealth
 - Level 3.0 Unarmed Combat


You had 3 spell levels left.
You didn't know any spells.
Your spell library contained the following spells:

 Spells                   Type           Power      Damage    Failure   Level
 Animate Skeleton         Necr           0%         N/A       32%         1
 Apportation              Tloc           0%         N/A       32%         1
 Summon Small Mammal      Summ           0%         N/A       32%         1
 Olgreb's Toxic Radiance  Pois           0%         N/A       97%         4
 Ozocubu's Refrigeration  Ice            0%         4d5       100%        7
 Ignition                 Fire           0%         3d3       100%        8


Dungeon Overview and Level Annotations

Branches:
Dungeon (2/15)

Altars:

Annotations:
D:2 Robin


Innate Abilities, Weirdness & Mutations

You cannot wear most types of armour.
You are amphibious.
You can wear up to eight rings at the same time.
Your skin changes colour to match your surroundings (Stealth+).
Your rubbery body absorbs attacks. (AC +1, EV +1)
((You are camouflaged when in or above water. (Stealth+)))
You have tentacles for arms and can constrict up to eight enemies at once.


Message History

Robin hits you with a +2 trident of venom!
You tentacle-slap Robin but do no damage.
Your grab misses Robin. Your squeeze misses Robin.
Robin hits you with a +2 trident of venom.
* * * LOW HITPOINT WARNING * * *
You barely miss Robin. Your grab misses Robin. Your squeeze misses Robin.
Robin closely misses you.
You closely miss Robin. You grab Robin. You constrict Robin.
Robin zaps a wand.
The puff of flame misses you.
You tentacle-slap Robin but do no damage.
Robin is lightly wounded.
You constrict Robin.
Robin hits you with a +2 trident of venom.
* * * LOW HITPOINT WARNING * * *
You are lethally poisoned!
You tentacle-slap Robin but do no damage.
You squeeze Robin.
Robin is heavily wounded.
You constrict Robin.
* * * LOW HITPOINT WARNING * * *
You feel sick.
The hobgoblin no longer looks unusually strong.
Robin roars a battlecry!
The hobgoblin goes into a battle-frenzy!
You tentacle-slap Robin but do no damage.
Robin is severely wounded.
You constrict Robin, but do no damage.
* * * LOW HITPOINT WARNING * * *
You feel sick.
Robin's bangles clink loudly.
Robin misses you.
Okay, then.
It was a potion of might.
You feel very mighty all of a sudden.
You constrict Robin.
* * * LOW HITPOINT WARNING * * *
You feel sick.
The goblin no longer looks unusually strong.
Robin hits you with a +2 trident of venom!
You die...

..# #.#
#.##..##.###
..#
#.###.##..##.#
..#
#.#.....<..#.#
.##
#.###.###.##.#
.# #.#
#.######.# .#
#.# #........#
## #.#
##########
#.###########
#...)@ggggJ..
#.###########
#.# #.# ###


You could see Robin, an endoplasm, 2 hobgoblins and a goblin.

Vanquished Creatures
  An adder (D:2)
  2 dart slugs
  5 ball pythons
  3 endoplasms
  A giant cockroach (D:1)
  5 goblins
  6 hobgoblins
  6 kobolds
  2 quokkas
  3 bats
  5 frilled lizards
  4 rats
43 creatures vanquished.

Notes
Turn   | Place    | Note
-------+----------+-------------------------------------------
     0 | D:1      | MiltankisOP the Octopode Monk began the quest for the Orb.
     0 | D:1      | Reached XP level 1. HP: 16/16 MP: 1/1
   103 | D:1      | Reached XP level 2. HP: 17/21 MP: 2/2
   717 | D:2      | Reached XP level 3. HP: 23/26 MP: 3/3
  1491 | D:2      | Noticed Robin
  1499 | D:2      | Reached XP level 4. HP: 22/33 MP: 4/4
  1507 | D:2      | Slain by Robin

Illustrated notes

Levels and vault maps discovered:
D:1:      dpeg_arrival_rhombi, layout_rooms
D:2:      layout_basic, minmay_split_cup_large, uniq_robin

Action                   |  1- 3 |  4- 6 || total
-------------------------+-------+-------++-------
Melee: Unarmed           |    70 |     7 ||    77
       Constrict         |    20 |     1 ||    21
       Punch             |     4 |       ||     4
       Tentacles         |    11 |     1 ||    12
  Use: Potion            |       |     1 ||     1
 Stab: Sleeping          |    12 |       ||    12
       Distracted        |     1 |       ||     1
Armor: Skin              |     2 |       ||     2
Dodge: Dodged            |    29 |     3 ||    32
